 Dungeon Crawl Stone Soup version 0.21-a0-153-g78480df (webtiles) character file.

82 4thArraOfDagon the Twirler (level 4, -7/35 HPs)
             Began as a Gnoll Wanderer on Aug 1, 2017.
             Mangled by an ogre
             ... wielding a +0 giant spiked club
              (17 damage)
             ... on level 5 of the Dungeon.
             The game lasted 00:04:06 (1185 turns).

4thArraOfDagon the Twirler (Gnoll Wanderer)         Turns: 1185, Time: 00:04:06

Health: -7/35      AC:  7    Str:  7    XL:     4   Next: 43%
Magic:  4/4        EV: 10    Int:  7    God:
Gold:   84         SH:  0    Dex:  7    Spells: 3/3 levels left

rFire    . . .     SeeInvis .   b - +0 quarterstaff
rCold    . . .     Gourm    .   (shield currently unavailable)
rNeg     + . .     Faith    .   l - +0 ring mail
rPois    .         Spirit   .   (no helmet)
rElec    .         Reflect  .   (no cloak)
rCorr    .         Harm     .   i - +0 pair of gloves
MR       .....                  e - +0 pair of boots
Stlth    +.........             (no amulet)
HPRegen  0.11/turn              m - ring of positive energy
MPRegen  0.09/turn              (no ring)

@: mighty
A: unchanging attributes, fangs 1, strong nose
a: no special abilities


You were on level 5 of the Dungeon.
You were not hungry.

You visited 1 branch of the dungeon, and saw 5 of its levels.

You collected 84 gold pieces.

Inventory:

Hand Weapons
 b - a +0 quarterstaff (weapon)
Armour
 d - a +0 robe
 e - a +0 pair of boots (worn)
 i - a +0 pair of gloves (worn)
 l - a +0 ring mail (worn)
Jewellery
 m - a ring of positive energy (left hand)
Scrolls
 p - a scroll of magic mapping
Potions
 h - a potion of brilliance
 k - a potion of haste
 q - a potion of degeneration
 r - a potion of experience
Books
 a - a book of Flames

   Spells                             Type                      Level
   a - Flame Tongue                   Conjuration/Fire             1
   b - Throw Flame                    Conjuration/Fire             2
   c - Conjure Flame                  Conjuration/Fire             3
   d - Inner Flame                    Hexes/Fire                   3
   e - Sticky Flame                   Conjuration/Fire             4
   f - Fireball                       Conjuration/Fire             5
Comestibles
 c - 3 royal jellies
 f - 2 bread rations


   Skills:
 + Level 3.3 Fighting
 * Level 3.5 Staves
 - Level 2.6 Throwing
 + Level 2.4 Armour
 + Level 2.5 Dodging
 - Level 1.2 Stealth
   Level 1.3 Necromancy
   Level 2.6 Fire Magic


You had 3 spell levels left.
You didn't know any spells.

Dungeon Overview and Level Annotations

Branches:
Dungeon (5/15)
 Temple: D:4-7

Altars:
Elyvilon
Fedhas
Ru
Uskayaw
Xom
Zin


Innate Abilities, Weirdness & Mutations

Your physical attributes are unchanging.
You have very sharp teeth.
Your uncanny sense of smell can sniff out nearby items.


Message History

Unknown command.
Found a stone staircase leading up.
Found a mace.
An ogre comes into view. It is wielding a giant spiked club.
The ogre shouts!
Found a bread ration.
Unknown command.
Unknown command.
Unknown command.
You hit the ogre.
The ogre is moderately wounded.
The ogre hits you with a giant spiked club!!
Ouch! That really hurt!
* * * LOW HITPOINT WARNING * * *
Unknown command.
Unknown command.
You sock the ogre!
The ogre is severely wounded.
The ogre hits you with a giant spiked club!
You die...

#..♣♣♣.♣.♣♣♣..##
###(###..##. #.♣# #♣.♣# .#
#......# #.♣ ♣.♣ .# #......#
#.♣ #♣.♣# #♣.# .........
#..♣♣♣...♣♣♣..######..###.#.
#.............<... ...# #
#######.#....#.## #..#
#.###.....####..# #.#
#.@_.........
.......O8_.)###
#####..._...# #.......#
#...###.# ##### ..% ###


You could see an ogre.

Vanquished Creatures
  A worker ant (D:5)
  A hound zombie (D:5)
  A gnoll (D:1)
  2 adders
  A leopard gecko (D:4)
  2 giant cockroaches
  A goblin (D:3)
  A hobgoblin (D:3)
  3 kobolds
  A bat (D:1)
  3 frilled lizards
  2 rats
19 creatures vanquished.

Notes
Turn   | Place    | Note
-------+----------+-------------------------------------------
     0 | D:1      | 4thArraOfDagon the Gnoll Wanderer began the quest for the Orb.
     0 | D:1      | 4thArraOfDagon set off with: a book of Flames, a +0 quarterstaff, a potion of curing, a +0 robe, a bread ration
     0 | D:1      | Reached XP level 1. HP: 17/17 MP: 1/1
    42 | D:1      | Reached skill level 1 in Armour
    42 | D:1      | Reached XP level 2. HP: 9/23 MP: 2/2
   414 | D:3      | Found a glowing silver altar of Zin.
   439 | D:3      | Reached XP level 3. HP: 16/29 MP: 3/3
  1039 | D:5      | Entered Level 5 of the Dungeon
  1040 | D:5      | Found a white marble altar of Elyvilon.
  1062 | D:5      | Reached XP level 4. HP: 18/35 MP: 4/4
  1136 | D:5      | Found a hide-covered altar of Uskayaw.
  1137 | D:5      | Found a sacrificial altar of Ru.
  1137 | D:5      | Found a shimmering altar of Xom.
  1137 | D:5      | Found a blossoming altar of Fedhas.
  1181 | D:5      | Noticed an ogre
  1185 | D:5      | Mangled by an ogre

Vault maps used:
D:1:      dpeg_arrival_leaves_temple_mockup
D:2:      feat_on_display
D:3:      old_standard_altar, uniq_natasha
D:4:      uniq_robin
D:5:      nicolae_overflow_hidden_temple, nicolae_overflow_crystal_walls,
          lemuel_crystal_altar, chequers_temple_overflow_statue_of_worship,
          minmay_temple_entry_overgrown, first_bread, minmay_stone_trees_medium,
          nicolae_zen_rock_garden, nrook_pool_corridor

Skill      XL: |  1  2  3 |
---------------+----------+-----
Staves         | 2 3 |  3.5
Armour         | 1 2 |  2.4
Fighting       | 3 |  3.3
Dodging        | 2 |  2.5
Throwing       | |  2.6
Stealth        | |  1.2
Necromancy     | |  1.3
Fire Magic     | |  2.6

Action                   |  1- 3 |  4- 6 || total
-------------------------+-------+-------++-------
Melee: Quarterstaff      |    92 |     9 ||   101
       Bite              |     1 |     1 ||     2
  Use: Potion            |     1 |     3 ||     4
       Scroll            |     5 |     6 ||    11
  Eat: Bread ration      |       |     1 ||     1
Armor: Robe              |    19 |       ||    19
       Ring mail         |    16 |     3 ||    19
Dodge: Dodged            |    68 |     8 ||    76
